 Dungeon Crawl Stone Soup version 0.22.1 (webtiles) character file.

96 MalarOregon the Firebug (level 4, -2/36 HPs)
             Began as a Hill Orc Fire Elementalist on Sept 17, 2018.
             Killed from afar by an orc wizard (5 damage)
             ... with a magic dart
             ... on level 2 of the Dungeon.
             The game lasted 00:07:28 (2190 turns).

MalarOregon the Firebug (HOFE)                      Turns: 2190, Time: 00:07:29

Health: -2/36      AC:  2    Str: 10    XL:     4   Next: 67%
Magic:  0/6        EV: 12    Int: 16    God:
Gold:   94         SH:  0    Dex: 11    Spells: 3/6 levels left

rFire    . . .     SeeInvis .   i - +0 whip
rCold    . . .     Gourm    .   (no shield)
rNeg     . . .     Faith    .   a - +0 robe
rPois    .         Spirit   .   (no helmet)
rElec    .         Reflect  .   (no cloak)
rCorr    .         Harm     .   (no gloves)
MR       .....                  (no boots)
Stlth    ++........             (no amulet)
HPRegen  0.12/turn              (no ring)
MPRegen  0.10/turn              (no ring)

@: no status effects
A: no striking features
a: no special abilities


You were on level 2 of the Dungeon.
You were hungry.

You visited 1 branch of the dungeon, and saw 3 of its levels.

You collected 94 gold pieces.

Inventory:

Hand Weapons
 i - a +0 whip (weapon)
   (You found it on level 2 of the Dungeon)
Armour
 a - a +0 robe (worn)
Scrolls
 b - a scroll of noise {unknown}
 c - a scroll of enchant weapon {unknown}
 h - 2 scrolls of identify {unknown}
Potions
 d - a potion of might
Comestibles
 e - 5 rations {!d}
 g - a chunk of flesh


   Skills:
 + Level 2.2 Fighting
 + Level 2.3 Dodging
 - Level 1.5 Stealth
 - Level 1.5 Spellcasting
 + Level 2.2 Conjurations
 + Level 4.0 Fire Magic


You had 3 spell levels left.
You knew the following spells:

 Your Spells              Type           Power        Failure   Level  Hunger
a - Throw Flame           Conj/Fire      ##....       9%          2    ###....
x - Flame Tongue          Conj/Fire      ##...        6%          1    ##.....

Your spell library contained the following spells:

 Spells                   Type           Power        Failure   Level  Hunger
 Conjure Flame            Conj/Fire      ##......     19%         3    ####...
 Inner Flame              Hex/Fire       #.......     28%         3    ####...
 Sticky Flame             Conj/Fire      ##......     52%         4    #####..
 Fireball                 Conj/Fire      ##........   86%         5    ######.


Dungeon Overview and Level Annotations

Branches:
Dungeon (3/15)

Altars:
Wu Jian


Message History

The orc wizard hits you but does no damage.
Aim: an orc wizard, wielding a dagger and wearing a robe (moderately wounded)
The flame tongue hits the orc wizard.
The orc wizard casts a spell at you. The puff of flame hits you!
The orc wizard hits you with a dagger.
You climb upwards.
There is a stone staircase leading down here.
You hit the orc wizard but do no damage.
The orc wizard hits you but does no damage.
You are feeling hungry.
You closely miss the orc wizard. The orc wizard hits you with a dagger.
* * * LOW HITPOINT WARNING * * *
You closely miss the orc wizard. The orc wizard misses you.
You miss the orc wizard. The orc wizard barely misses you.
You hit the orc wizard.
The orc wizard gestures at you while chanting.
The magic dart hits you!
* * * LOW HITPOINT WARNING * * *
Aim: an orc wizard, wielding a dagger and wearing a robe (heavily wounded)
The flame tongue hits the orc wizard.
The orc wizard hits you with a dagger.
* * * LOW HITPOINT WARNING * * *
The orc wizard casts a spell at you. You resist with some effort.
The orc wizard mumbles some strange words.
The orc wizard flickers and vanishes!
Deactivating autopickup; reactivate with Ctrl-A.
Your magical contamination has completely faded away.
You are confused.
A magic dart appears from out of thin air!
The magic dart hits you!
* * * LOW HITPOINT WARNING * * *
Okay, then.
You're too confused to move!
You feel less confused.
Throwing (i - inventory)
f - a throwing net (quivered)
{!f} Really fire
f - a throwing net {!f}?
You throw a throwing net {!f}. Something hits you.
* * * LOW HITPOINT WARNING * * *
You don't know that spell.
The flame tongue hits something.
Something hits you.
* * * LOW HITPOINT WARNING * * *
The flame tongue hits something.
Something hits you.
* * * LOW HITPOINT WARNING * * *
A magic dart appears from out of thin air!
The magic dart hits you!
You die...

#....#.....# #....#.....#
#....#.....# #....#.....#
#....#.....# # #######....#.....#
# ######....##....#.....# #
....##.##.............# #####
{..##{..####(...@.....# ##....
..##.(...###..........######..###
..#.......#..#.#..###)#......##
#....._........##.# #...#########
###.......####....###...........(
##.....##...........).)<###....
###...##.###.##...).........###
#.##.##### #.###[....##..#.....
#....# #..##..######.##.###


There were no monsters in sight!

Vanquished Creatures
  4 adders (D:2)
  An ooze (D:1)
  2 leopard geckos
  10 bats
  2 giant cockroaches
  6 goblins
  7 hobgoblins
  5 kobolds
  A quokka (D:2)
  5 ball pythons
  4 frilled lizards
  7 rats
54 creatures vanquished.

Notes
Turn   | Place    | Note
-------+----------+-------------------------------------------
     0 | D:1      | MalarOregon the Hill Orc Fire Elementalist began the quest
                  | for the Orb.
     0 | D:1      | Reached XP level 1. HP: 14/14 MP: 3/3
   211 | D:1      | Reached XP level 2. HP: 22/22 MP: 0/4
   311 | D:1      | Reached skill level 1 in Fighting
   448 | D:1      | Reached XP level 3. HP: 13/28 MP: 0/5
   708 | D:2      | Found an ornate altar of the Wu Jian Council.
  1015 | D:2      | Learned a level 2 spell: Throw Flame
  1280 | D:2      | Reached XP level 4. HP: 35/36 MP: 1/6
  1381 | D:1      | Reached skill level 4 in Fire Magic
  2190 | D:2      | Killed from afar by an orc wizard

Skill      XL: |  1  2  3  4 |
---------------+-------------+-----
Fighting       | 1 2 |  2.2
Dodging        | 2 |  2.3
Conjurations   | 2 |  2.2
Fire Magic     | 4 |  4.0
Stealth        | |  1.5
Spellcasting   | |  1.5

Action                   |  1- 3 |  4- 6 || total
-------------------------+-------+-------++-------
Melee: Unarmed           |    51 |       ||    51
       Dagger            |     4 |     9 ||    13
       Whip              |       |    47 ||    47
Throw: Throwing net      |       |     1 ||     1
 Cast: Flame Tongue      |    60 |    18 ||    78
       Throw Flame       |     2 |     4 ||     6
  Use: Potion            |     4 |       ||     4
  Eat: Chunk             |     3 |     3 ||     6
Armor: Robe              |    24 |    27 ||    51
Dodge: Dodged            |    72 |    65 ||   137
